AoeStats
← TheQuietRiot

Arabia

505247147Analyzed
1v1 RM · 24d ago on Sep 8, 2026· 22m 58s· 2 players
Game mode
Random Map
Map size
Tiny (2 player)
Population
200
Speed
Normal
Resources
Standard
Victory
Conquest
Starting age
Dark Age
Ending age
Imperial Age
RankedLock teamsTeams togetherTeam positionsShared explorationLock speedFull tech treeHidden civsTurbo modeCheats
Victory
Defeat
🇳🇴 Spanish · Norway
966
+14
🇬🇧 Britons · United Kingdom
932
-14
sønnesønn
8:26 Loom
10:30 Feudal Age
11:13 Double-Bit Axe
11:11 Horse Collar
14:00 Fletching
17:50 Padded Archer Armor
20:49 Castle Age
20:09 Gold Mining
21:55 Bodkin Arrow
23:22 Stone Mining
TheQuietRiot
7:19 Loom
10:00 Feudal Age
10:31 Double-Bit Axe
14:18 Fletching
Connection lost

Rejoining the realm…

Still unreachable

The connection could not be restored.

Session expired

The server has moved on; the page needs a fresh start.